 Dungeon Crawl Stone Soup version 0.18-a0-1685-g4482fe3 (webtiles) character file.

294 inmateoo the Cudgeler (level 6, 0/46 HPs)
             Began as a Formicid Wanderer on Apr 5, 2016.
             Succumbed to a worker ant's poison
             ... on level 4 of the Dungeon.
             The game lasted 00:06:31 (3742 turns).

inmateoo the Cudgeler (Formicid Wanderer)           Turns: 3742, Time: 00:06:32

Health: 0/46       AC:  8    Str: 16    XL:     6   Next: 60%
Magic:  6/6        EV:  7    Int: 11    God:
Gold:   181        SH:  8    Dex: 13    Spells: 0 memorised, 5 levels left

rFire  . . .     SeeInvis +     o - +3 quarterstaff (chaos)
rCold  . . .     Gourm    .     p - +0 scale mail
rNeg   + . .     Faith    .     e - +0 shield
rPois  .         Spirit   .     (helmet unavailable)
rElec  .         Dismiss  .     n - +0 cloak
rCorr  .         Reflect  .     (no gloves)
SustAt .         Harm     .     (no boots)
MR     .....                    (no amulet)
Stlth  ..........               (no ring)
                                b - ring of positive energy

@: lethally poisoned (0 -> -3), not resistant to hostile enchantments, extremely
unstealthy
A: permanent stasis, dig shafts and tunnels, four strong arms, antennae 3
a: Dig, Shaft Self


You were on level 4 of the Dungeon.
You were not hungry.

You visited 1 branch of the dungeon, and saw 4 of its levels.

You collected 181 gold pieces.

Inventory:

Hand Weapons
 a - a +2 mace
 o - a +3 quarterstaff of chaos (weapon)
Armour
 e - a +0 shield (worn)
 n - a +0 cloak (worn)
 p - a +0 scale mail (worn)
Jewellery
 b - a ring of positive energy (left hand)
 v - an uncursed amulet of guardian spirit {unknown}
Scrolls
 f - 3 scrolls of identify {unknown}
 h - 5 scrolls of remove curse {unknown}
 s - a scroll of magic mapping {unknown}
Potions
 c - a potion of degeneration {unknown}
 g - a potion of resistance {unknown}
 i - a potion of curing
 q - a potion of brilliance {unknown}
 r - a potion of berserk rage {unknown}
 t - a potion of magic {unknown}
 u - a potion of heal wounds {unknown}
Comestibles
 d - 2 bread rations
 j - 3 meat rations
 k - a slice of pizza
 l - a royal jelly
 m - a beef jerky


   Skills:
 + Level 2.7 Fighting
 * Level 5.9 Maces & Flails
 + Level 4.3 Armour
 - Level 1.2 Stealth
 + Level 2.6 Shields
   Level 1.1 Evocations


You had 5 spell levels left.
You didn't know any spells.

Dungeon Overview and Level Annotations

Branches:
Dungeon (4/15)
 Temple: D:4-7

Altars:
Ashenzari
Gozag

Shops:
D:3 *


Innate Abilities, Weirdness & Mutations

You are under a permanent stasis effect.
You can dig through walls and to a lower floor.
Your four strong arms can wield two-handed weapons with a shield.
You have a pair of large antennae on your head (SInv).


Message History

You closely miss the orc priest.
The orc priest is lightly wounded.
You feel sick. The orc priest barely misses you.
The orc priest invokes the aid of Beogh against you.
Pain shoots through your body!
You completely miss the orc priest.
The orc priest is lightly wounded.
You block the orc priest's attack.
You thump the orc priest!
The orc priest is almost dead.
You feel sick.
The orc priest hits you but does no damage.
You closely miss the orc priest.
The orc priest is almost dead.
The orc priest invokes the aid of Beogh against you.
Beogh smites you!
* * * LOW HITPOINT WARNING * * *
You sock the orc priest!
There is a sudden explosion of sparks!
You kill the orc priest!
You die...

#..........#......
#..........#......
#..........#......
#..####...##...###
#######...##...###
#..........†...
#..............
####..............
#@#{{..oo.........
##)#.......>......
###########.#####
..####.####.
%......{{..o.
.............
...........>.
.............
........##...


There were no monsters in sight!

Vanquished Creatures
  An orc priest (D:4)
  Crazy Yiuf (D:2)
  Jessica (D:2)
  Ijyb (D:2)
  An orc wizard (D:4)
  A worker ant (D:4)
  4 adders
  3 worms
  A dart slug (D:4)
  2 giant geckos
  2 ball pythons
  13 bats
  3 giant cockroaches
  14 goblins
  9 hobgoblins
  7 jackals
  5 quokkas
  4 giant newts
  9 kobolds
  10 rats
92 creatures vanquished.

Notes
Turn   | Place    | Note
--------------------------------------------------------------
     0 | D:1      | inmateoo the Formicid Wanderer began the quest for the Orb.
     0 | D:1      | inmateoo set off with: a +2 mace, a +0 ring mail, a potion of lignification, a bread ration
     0 | D:1      | Reached XP level 1. HP: 15/15 MP: 1/1
   170 | D:1      | Reached XP level 2. HP: 21/21 MP: 2/2
   744 | D:1      | Reached XP level 3. HP: 24/26 MP: 3/3
  1678 | D:2      | Reached XP level 4. HP: 14/32 MP: 4/4
  1897 | D:2      | Noticed Crazy Yiuf
  1912 | D:2      | Killed Crazy Yiuf
  1912 | D:2      | Reached skill level 5 in Maces & Flails
  1912 | D:2      | Reached skill level 1 in Shields
  2060 | D:2      | Found a shattered altar of Ashenzari.
  2064 | D:2      | Saw a vision of the Shoals and the Snake Pit.
  2064 | D:2      | Noticed a black mamba
  2064 | D:2      | Noticed a shock serpent
  2064 | D:2      | Noticed a mana viper
  2064 | D:2      | Noticed a black mamba
  2064 | D:2      | Noticed a hippogriff
  2064 | D:2      | Noticed a sea snake
  2064 | D:2      | Noticed a black mamba
  2064 | D:2      | Noticed a black mamba
  2064 | D:2      | Noticed a black mamba
  2064 | D:2      | Noticed a sea snake
  2064 | D:2      | Noticed a centaur
  2064 | D:2      | Noticed a merfolk
  2065 | D:2      | Noticed a naga
  2067 | D:2      | Noticed a sea snake
  2080 | D:2      | Noticed Ijyb
  2099 | D:2      | Killed Ijyb
  2099 | D:2      | Reached XP level 5. HP: 31/38 MP: 5/5
  2201 | D:2      | Noticed Jessica
  2224 | D:2      | Killed Jessica
  3194 | D:3      | Reached XP level 6. HP: 44/44 MP: 6/6
  3415 | D:3      | Found Gozag's Platinum Reserve.
  3432 | D:3      | Found an opulent altar of Gozag.
  3741 | D:4      | HP: 1/46 [orc priest/divine providence (12)]
  3742 | D:4      | Succumbed to a worker ant's poison

Vault maps used:
D:1:      dpeg_arrival_water_altar
D:2:      grunt_ashenzari_visionary, uniq_crazy_yiuf_cottage, uniq_iyjb,
          uniq_jessica
D:3:      nicolae_gozag_zags_fifth_avenue
D:4:      first_bread

Skill      XL: |  1  2  3  4  5 |
---------------+----------------+-----
Maces & Flails | 5 |  5.9
Shields        | 1 2 |  2.6
Fighting       | 2 |  2.7
Armour         | 4 |  4.3
Stealth        | |  1.2
Evocations     | |  1.1

Action                   |  1- 3 |  4- 6 || total
-------------------------+-------+-------++-------
Melee: Mace              |    90 |    12 ||   102
       Quarterstaff      |       |   160 ||   160
 Abil: Dig               |     3 |     4 ||     7
  Use: Potion            |       |     1 ||     1
       Scroll            |       |     3 ||     3
  Eat: Chunk             |     2 |     8 ||    10
